[ AOE2 MATCH · #505531452 ]
UnrankedTurks vs Portuguese
Player's team · LOSS
[ REPLAY ANALYSIS · EXTRACTED FROM THE RECORDED GAME ]
Feudal
14:25
Castle
22:27
Imperial
38:01
| APM avg | 55.1 |
| APM peak | 100 |
| eAPM avg | 27.4 |
| Villagers / military | 149 / 126 |
Focus
⚔️ 31.1% · 🌾 68.9%
Scout Cavalry ×65 · Janissary ×25 · Militia ×8 · Bombard Cannon ×7 · Scorpion ×6 · Monk ×5
Feudal
9:13
Castle
20:26
Imperial
37:26
| APM avg | 65.2 |
| APM peak | 100 |
| eAPM avg | 34.7 |
| Villagers / military | 176 / 264 |
Focus
⚔️ 42.6% · 🌾 57.4%
Knight ×111 · Spearman ×97 · Archer ×32 · Trebuchet (Packed) ×8 · Mangonel ×6 · Monk ×4
Match map
Initial resources + every placement click. Lines = walls · curves = elevation contours. ◆ gold · ⬟ stone · ● berries · ✦ relic · ◌ wall gap
Your base· ✓ Closed at 22:27 · 59t walls · no gate
VENÓN | Sigfridinho's base· Open — opponent sealed themselves in
Smoothed initial terrain · ◌ = detected wall gap · hover for details
Inputs per minute
— JOJO ROAD ROLLER - - VENÓN | Sigfridinho
Build order — JOJO ROAD ROLLER
First 150 of 513 actions detected
| 0:00 | Create | Villager (Male) ×4 |
| 0:01 | Build | House |
| 0:02 | Build | House |
| 1:23 | Create | Villager (Male) |
| 2:02 | Create | Villager (Male) |
| 2:04 | Build | Lumber Camp |
| 2:23 | Create | Villager (Male) |
| 2:55 | Create | Villager (Male) |
| 3:17 | Create | Villager (Male) |
| 3:38 | Create | Villager (Male) |
| 3:38 | Create | Villager (Male) |
| 3:51 | Build | House |
| 3:58 | Create | Villager (Male) |
| 4:24 | Create | Villager (Male) |
| 4:30 | Create | Villager (Male) |
| 4:36 | Build | Palisade Wall |
| 4:37 | Build | Palisade Wall |
| 4:41 | Build | Barracks |
| 4:58 | Create | Villager (Male) |
| 5:35 | Build | House |
| 5:36 | Create | Militia |
| 5:42 | Build | House |
| 5:44 | Research | Loom |
| 5:45 | Create | Villager (Male) |
| 5:55 | Create | Villager (Male) |
| 6:12 | Create | Militia |
| 6:21 | Build | House |
| 6:31 | Create | Militia |
| 6:38 | Build | Mill |
| 6:50 | Create | Villager (Male) |
| 6:55 | Build | Palisade Wall |
| 7:16 | Create | Militia |
| 7:21 | Create | Villager (Male) |
| 7:33 | Create | Villager (Male) |
| 7:59 | Create | Militia |
| 8:09 | Build | Mill |
| 8:13 | Build | Palisade Wall |
| 8:15 | Create | Villager (Male) |
| 8:44 | Create | Villager (Male) |
| 8:46 | Create | Militia |
| 9:02 | Create | Villager (Male) |
| 9:04 | Build | Farm |
| 9:09 | Build | Palisade Wall |
| 9:16 | Build | Palisade Wall |
| 9:37 | Create | Villager (Male) |
| 10:00 | Create | Villager (Male) |
| 10:01 | Create | Militia |
| 10:09 | Build | Palisade Wall |
| 10:11 | Create | Villager (Male) |
| 10:14 | Build | Palisade Wall |
| 10:16 | Create | Villager (Male) |
| 10:18 | Build | House |
| 10:19 | Build | House |
| 10:25 | Create | Militia |
| 10:28 | Build | Farm |
| 10:44 | Create | Villager (Male) |
| 10:46 | Build | House |
| 10:46 | Build | Palisade Wall |
| 10:57 | Build | Farm |
| 11:21 | Build | Farm |
| 11:23 | Build | Farm |
| 11:51 | Build | Farm |
| 12:15 | Research | Feudal Age |
| 12:22 | Build | Mining Camp |
| 12:39 | Build | Farm |
| 12:41 | Build | Palisade Wall |
| 13:03 | Build | Palisade Wall |
| 13:07 | Build | Farm |
| 13:09 | Build | Farm |
| 13:31 | Create | Villager (Male) |
| 13:37 | Build | House |
| 13:43 | Build | Farm |
| 13:43 | Build | Farm |
| 14:25 | Age | Feudal Age |
| 14:31 | Research | Horse Collar |
| 14:35 | Research | Double-Bit Axe |
| 14:39 | Create | Villager (Male) |
| 15:06 | Build | Stable |
| 15:12 | Build | Stable |
| 15:16 | Create | Villager (Male) |
| 15:31 | Build | Farm |
| 15:35 | Build | Farm |
| 15:41 | Create | Villager (Male) |
| 15:57 | Create | Villager (Male) |
| 16:05 | Create | Scout Cavalry |
| 16:05 | Create | Scout Cavalry |
| 16:15 | Build | Market |
| 16:20 | Create | Scout Cavalry |
| 16:33 | Create | Villager (Male) |
| 16:33 | Create | Villager (Male) |
| 16:34 | Create | Scout Cavalry |
| 16:45 | Build | Watch Tower |
| 16:50 | Create | Villager (Male) |
| 16:55 | Build | Lumber Camp |
| 16:58 | Build | Farm |
| 17:09 | Create | Scout Cavalry |
| 17:23 | Build | House |
| 17:25 | Build | House |
| 17:27 | Build | Palisade Wall |
| 17:28 | Build | House |
| 17:36 | Create | Villager (Male) |
| 17:56 | Build | Farm |
| 17:56 | Build | Farm |
| 17:57 | Build | Farm |
| 18:00 | Create | Villager (Male) |
| 18:19 | Build | Farm |
| 18:26 | Build | Farm |
| 18:34 | Build | Farm |
| 18:36 | Build | Farm |
| 18:40 | Create | Villager (Male) |
| 18:44 | Create | Scout Cavalry |
| 19:04 | Create | Villager (Male) |
| 19:16 | Build | Blacksmith |
| 19:47 | Research | Castle Age |
| 19:51 | Build | Stable |
| 20:01 | Build | Farm |
| 20:03 | Create | Scout Cavalry |
| 20:11 | Create | Scout Cavalry |
| 20:30 | Create | Scout Cavalry |
| 20:40 | Build | Farm |
| 20:45 | Research | Bloodlines |
| 21:01 | Research | Scale Barding Armor |
| 21:06 | Create | Scout Cavalry |
| 21:21 | Create | Scout Cavalry |
| 21:24 | Create | Villager (Male) |
| 21:31 | Create | Scout Cavalry |
| 21:43 | Build | Farm |
| 21:44 | Build | Farm |
| 21:45 | Create | Scout Cavalry |
| 22:10 | Create | Scout Cavalry |
| 22:13 | Create | Villager (Male) |
| 22:27 | Age | Castle Age |
| 22:32 | Create | Villager (Male) |
| 22:42 | Build | Monastery |
| 22:59 | Create | Scout Cavalry |
| 22:59 | Create | Scout Cavalry |
| 23:00 | Create | Villager (Male) |
| 23:08 | Build | Town Center |
| 23:10 | Create | Villager (Male) |
| 23:22 | Research | Wheelbarrow |
| 23:22 | Research | Wheelbarrow |
| 23:36 | Create | Monk |
| 23:39 | Create | Villager (Male) |
| 23:43 | Build | Palisade Gate |
| 23:44 | Build | House |
| 23:44 | Build | House |
| 23:56 | Create | Villager (Male) |
| 23:59 | Create | Scout Cavalry |
| 24:22 | Create | Villager (Male) |
| 24:26 | Build | Mill |
Build order — VENÓN | Sigfridinho
First 150 of 543 actions detected
| 0:01 | Create | Villager (Male) |
| 0:02 | Build | House |
| 0:02 | Create | Villager (Male) |
| 0:03 | Build | House |
| 0:05 | Create | Villager (Male) |
| 0:07 | Create | Villager (Male) |
| 1:29 | Create | Villager (Male) |
| 1:47 | Build | Lumber Camp |
| 1:58 | Create | Villager (Male) |
| 2:12 | Create | Villager (Male) |
| 2:50 | Create | Villager (Male) |
| 3:12 | Create | Villager (Male) |
| 3:23 | Create | Villager (Male) |
| 3:44 | Build | House |
| 3:49 | Create | Villager (Male) |
| 4:07 | Create | Villager (Male) |
| 4:15 | Create | Villager (Male) |
| 4:34 | Create | Villager (Male) |
| 4:47 | Create | Villager (Male) |
| 5:01 | Build | Mill |
| 5:04 | Build | Palisade Wall |
| 5:09 | Build | Palisade Wall |
| 5:13 | Create | Villager (Male) |
| 5:13 | Create | Villager (Male) |
| 5:20 | Build | Palisade Wall |
| 5:24 | Create | Villager (Male) |
| 5:47 | Create | Villager (Male) |
| 5:56 | Research | Loom |
| 6:02 | Create | Villager (Male) |
| 6:02 | Research | Loom |
| 6:35 | Build | House |
| 6:57 | Build | Palisade Wall |
| 7:03 | Research | Feudal Age |
| 7:10 | Build | Palisade Wall |
| 7:58 | Build | Mining Camp |
| 8:37 | Build | Barracks |
| 8:56 | Create | Villager (Male) |
| 9:07 | Create | Villager (Male) |
| 9:13 | Age | Feudal Age |
| 9:16 | Create | Villager (Male) |
| 9:24 | Create | Villager (Male) |
| 9:30 | Build | Archery Range |
| 9:44 | Create | Villager (Male) |
| 9:57 | Build | House |
| 9:59 | Create | Villager (Male) |
| 10:10 | Create | Archer |
| 10:11 | Create | Villager (Male) |
| 10:12 | Create | Villager (Male) |
| 10:12 | Create | Villager (Male) |
| 10:24 | Research | Double-Bit Axe |
| 10:24 | Research | Double-Bit Axe |
| 10:33 | Create | Spearman |
| 10:36 | Create | Archer |
| 10:48 | Build | Lumber Camp |
| 11:06 | Create | Villager (Male) |
| 11:11 | Build | House |
| 11:23 | Create | Archer |
| 11:44 | Build | Blacksmith |
| 11:44 | Create | Villager (Male) |
| 11:48 | Create | Archer |
| 12:14 | Build | House |
| 12:24 | Create | Villager (Male) |
| 12:41 | Build | House |
| 12:51 | Build | House |
| 12:53 | Create | Villager (Male) |
| 12:53 | Create | Villager (Male) |
| 13:00 | Create | Villager (Male) |
| 13:04 | Create | Villager (Male) |
| 13:08 | Create | Archer |
| 13:20 | Build | Farm |
| 13:21 | Build | Farm |
| 13:24 | Research | Horse Collar |
| 13:25 | Create | Villager (Male) |
| 13:25 | Create | Villager (Male) |
| 13:31 | Build | Farm |
| 13:37 | Create | Archer |
| 13:39 | Build | Farm |
| 13:39 | Build | Farm |
| 13:59 | Create | Archer ×3 |
| 14:21 | Create | Villager (Male) |
| 14:25 | Build | Farm |
| 14:27 | Build | Farm |
| 14:29 | Create | Villager (Male) |
| 14:31 | Build | Farm |
| 14:32 | Build | Farm |
| 14:45 | Build | House |
| 14:48 | Create | Villager (Male) |
| 14:49 | Create | Villager (Male) |
| 15:02 | Create | Villager (Male) |
| 15:03 | Create | Villager (Male) |
| 15:05 | Build | Farm |
| 15:08 | Build | Farm |
| 15:08 | Create | Villager (Male) |
| 15:08 | Create | Villager (Male) |
| 15:13 | Create | Villager (Male) |
| 15:21 | Build | Farm |
| 15:22 | Create | Villager (Male) |
| 15:26 | Create | Archer |
| 15:35 | Create | Villager (Male) |
| 15:51 | Create | Villager (Male) |
| 16:00 | Create | Archer |
| 16:01 | Create | Villager (Male) |
| 16:03 | Build | Farm |
| 16:04 | Build | Farm |
| 16:08 | Build | Farm |
| 16:10 | Create | Villager (Male) |
| 16:23 | Create | Villager (Male) |
| 16:26 | Build | Farm |
| 16:36 | Create | Villager (Male) |
| 16:41 | Build | House |
| 16:43 | Build | Market |
| 16:45 | Build | Palisade Wall |
| 16:48 | Build | Palisade Wall |
| 16:49 | Build | Palisade Wall |
| 17:02 | Create | Villager (Male) |
| 17:08 | Build | Farm |
| 17:14 | Build | Farm |
| 17:46 | Research | Castle Age |
| 18:11 | Build | House |
| 18:17 | Create | Spearman |
| 18:27 | Research | Gold Mining |
| 18:43 | Create | Archer |
| 19:02 | Build | Archery Range |
| 19:03 | Create | Archer |
| 19:05 | Create | Spearman |
| 19:05 | Create | Spearman |
| 19:07 | Research | Scale Mail Armor |
| 19:11 | Research | Fletching |
| 19:45 | Create | Archer |
| 19:49 | Build | House |
| 19:51 | Build | Palisade Wall |
| 19:52 | Build | Palisade Wall |
| 19:55 | Build | House |
| 19:56 | Build | House |
| 19:57 | Build | Palisade Wall |
| 19:59 | Create | Archer ×5 |
| 20:08 | Create | Spearman |
| 20:19 | Build | Palisade Gate |
| 20:26 | Age | Castle Age |
| 20:28 | Research | Bodkin Arrow |
| 20:29 | Research | Crossbowman (upgrade) |
| 20:31 | Create | Villager (Male) |
| 20:38 | Build | Town Center |
| 20:43 | Build | Town Center |
| 20:48 | Create | Spearman |
| 21:03 | Create | Villager (Male) |
| 21:03 | Create | Villager (Male) |
| 21:11 | Create | Villager (Male) |
| 21:14 | Build | Farm |
| 21:20 | Create | Villager (Male) |
Match timeline
| 4:36 | JOJO ROAD ROLLER · wall_segment Palisade Wall x1 |
| 4:37 | JOJO ROAD ROLLER · wall_segment Palisade Wall x1 |
| 4:41 | JOJO ROAD ROLLER · first_building Barracks |
| 5:04 | VENÓN | Sigfridinho · wall_segment Palisade Wall x3 |
| 5:09 | VENÓN | Sigfridinho · wall_segment Palisade Wall x5 |
| 5:20 | VENÓN | Sigfridinho · wall_segment Palisade Wall x8 |
| 6:55 | JOJO ROAD ROLLER · wall_segment Palisade Wall x3 |
| 6:57 | VENÓN | Sigfridinho · wall_segment Palisade Wall x8 |
| 7:10 | VENÓN | Sigfridinho · wall_segment Palisade Wall x3 |
| 8:13 | JOJO ROAD ROLLER · wall_segment Palisade Wall x8 |
| 8:37 | VENÓN | Sigfridinho · first_building Barracks |
| 9:09 | JOJO ROAD ROLLER · wall_segment Palisade Wall x1 |
| 9:13 | VENÓN | Sigfridinho · age_up feudal |
| 9:16 | JOJO ROAD ROLLER · wall_segment Palisade Wall x9 |
| 9:30 | VENÓN | Sigfridinho · first_building Archery Range |
| 10:09 | JOJO ROAD ROLLER · wall_segment Palisade Wall x6 |
| 10:14 | JOJO ROAD ROLLER · wall_segment Palisade Wall x17 |
| 10:46 | JOJO ROAD ROLLER · wall_segment Palisade Wall x7 |
| 12:41 | JOJO ROAD ROLLER · wall_segment Palisade Wall x1 |
| 13:03 | JOJO ROAD ROLLER · wall_segment Palisade Wall x4 |
| 14:25 | JOJO ROAD ROLLER · age_up feudal |
| 15:06 | JOJO ROAD ROLLER · first_building Stable |
| 16:45 | VENÓN | Sigfridinho · wall_segment Palisade Wall x1 |
| 16:48 | VENÓN | Sigfridinho · wall_segment Palisade Wall x1 |
| 16:49 | VENÓN | Sigfridinho · wall_segment Palisade Wall x1 |
| 17:27 | JOJO ROAD ROLLER · wall_segment Palisade Wall x1 |
| 19:51 | VENÓN | Sigfridinho · wall_segment Palisade Wall x10 |
| 19:52 | VENÓN | Sigfridinho · wall_segment Palisade Wall x4 |
| 19:57 | VENÓN | Sigfridinho · wall_segment Palisade Wall x1 |
| 20:26 | VENÓN | Sigfridinho · age_up castle |
| 21:05 | JOJO ROAD ROLLER · first_market_buy 100 food |
| 21:22 | VENÓN | Sigfridinho · first_building Monastery |
| 22:00 | VENÓN | Sigfridinho · first_market_buy 100 food |
| 22:27 | JOJO ROAD ROLLER · age_up castle |
| 22:42 | JOJO ROAD ROLLER · first_building Monastery |
| 24:59 | JOJO ROAD ROLLER · first_building Siege Workshop |
| 26:08 | VENÓN | Sigfridinho · first_building Siege Workshop |
| 26:59 | VENÓN | Sigfridinho · first_market_sell 100 wood |
| 32:00 | JOJO ROAD ROLLER · first_building Castle |
| 32:45 | VENÓN | Sigfridinho · first_building Castle |
| 37:02 | JOJO ROAD ROLLER · wall_segment Stone Wall x7 |
| 37:26 | VENÓN | Sigfridinho · age_up imperial |
| 38:01 | JOJO ROAD ROLLER · age_up imperial |
| 40:53 | VENÓN | Sigfridinho · first_building Stable |
| 41:24 | JOJO ROAD ROLLER · first_market_sell 100 food |
| 47:30 | JOJO ROAD ROLLER · resign |
[ AI ANALYSIS · 1 CREDIT ]
What really happened in this match?
Wolo.gg analyzes every decision: build order, eco, micro, common mistakes by bracket. Personalized analysis on WhatsApp or Discord in 30 seconds.
Civ guide
Turks
Perfil
Jugador #12249685